 Dungeon Crawl Stone Soup version 0.27-a0-1200-g94dc6ad4cf (webtiles) character file.

Game seed: 260236138369613311

109 funkygono the Chiller (level 4, -1/24 HPs)
             Began as a Gargoyle Ice Elementalist on June 1, 2021.
             Slain by Grinder (2 damage)
             ... on level 3 of the Dungeon on June 2, 2021.
             The game lasted 00:06:25 (3449 turns).

funkygono the Chiller (Gargoyle Ice Elementalist)   Turns: 3449, Time: 00:06:25

Health: -1/24      AC:  6    Str: 11    XL:     4   Next: 89%
Magic:  8/8        EV: 12    Int: 17    God:
Gold:   99         SH:  0    Dex: 10    Spells: 2/9 levels left

rFire    . . .     SeeInvis .   i - +2 whip (holy)
rCold    . . .     Faith    .   (no shield)
rNeg     + . .     Spirit   .   a - +1 robe
rPois    ∞         Reflect  .   (no helmet)
rElec    +         Harm     .   (no cloak)
rCorr    .         Rampage  .   (no gloves)
Will     .....                  (no boots)
Stlth    ++........             b - amulet of the acrobat
HPRegen  0.08/turn              g - ring of flight
MPRegen  0.11/turn              (no ring)

@: flying
A: sickness immunity, AC +3, negative energy resistance 1, electricity
resistance, torment resistance 1, petrification resistance
a: no special abilities


You were on level 3 of the Dungeon.
You visited 1 branch of the dungeon, and saw 3 of its levels.

You collected 99 gold pieces.

Inventory:

Hand Weapons
 e - a +0 whip
 i - a +2 whip of holy wrath (weapon)
Armour
 a - a +1 robe (worn)
 d - a +0 leather armour
Jewellery
 b - an amulet of the acrobat (around neck)
 g - a ring of flight (left hand)
Scrolls
 c - a scroll of enchant armour
 f - a scroll of teleportation
Potions
 h - a potion of curing
 j - a potion of cancellation


   Skills:
 * Level 1.2 Armour
 + Level 1.7 Dodging
 - Level 2.1 Stealth
 * Level 3.2 Spellcasting
 * Level 5.0 Ice Magic


You had 2 spell levels left.
You knew the following spells:

 Your Spells              Type           Power      Damage    Failure   Level
a - Freeze                Ice            76%        1d9       2%          1
b - Frozen Ramparts       Ice            38%        1d5       6%          3
c - Ozocubu's Armour      Ice            19%        N/A       6%          3

Your spell library contained the following spells:

 Spells                   Type           Power      Damage    Failure   Level
 Ensorcelled Hibernation  Hex/Ice        22%        N/A       10%         2
 Beastly Appendage        Tmut           4%         N/A       17%         1
 Corona                   Hex            2%         N/A       17%         1
 Wereblood                Tmut           2%         N/A       26%         2
 Confusing Touch          Hex            2%         N/A       45%         3
 Dazzling Flash           Conj/Hex       4%         N/A       45%         3
 Spider Form              Tmut/Pois      1%         N/A       45%         3
 Tukima's Dance           Hex            2%         N/A       45%         3
 Hailstorm                Conj/Ice       11%        3d5       52%         4
 Ice Form                 Ice/Tmut       11%        N/A       52%         4
 Metabolic Englaciation   Hex/Ice        5%         N/A       86%         5
 Hydra Form               Tmut           1%         N/A       99%         5


Dungeon Overview and Level Annotations

Branches:
Dungeon (3/15)

Altars:

Annotations:
D:3 Grinder


Innate Abilities, Weirdness & Mutations

You are immune to sickness and miasma.
Your stone body is resilient. (AC +3)
You are immune to poison.
You resist negative energy. (rN+)
You are resistant to electric shocks. (rElec)
You are resistant to unholy torment.
You are immune to petrification.


Message History

The orc throws a stone.
The stone misses you. The orc completely misses you.
The orc closely misses you.
Casting: Freeze (safe; 2% risk of failure)
Confirm with . or Enter, or press ? or * to list all spells.
Aiming: Freeze (safe; 2% risk of failure)
Press: ? - help, Shift-Dir - straight line, f - orc
Aim: an orc, wielding a +0 trident and quivering stones You freeze the orc.
The orc is heavily wounded.
Grinder gestures at you.
You barely resist. The orc closely misses you.
Casting: Freeze (safe; 2% risk of failure)
Confirm with . or Enter, or press ? or * to list all spells.
Aiming: Freeze (safe; 2% risk of failure)
Press: ? - help, Shift-Dir - straight line, f/p - orc
Aim: an orc, wielding a +0 trident and quivering stones (moderately wounded)
You freeze the orc!
You kill the orc!
Casting: Freeze (safe; 2% risk of failure)
Confirm with . or Enter, or press ? or * to list all spells.
You can't see any susceptible monsters within range! (Use Z to cast anyway.) Unknown command.
Unknown command.
Grinder hits you!
You writhe in agony.
You closely miss Grinder. Grinder gestures at you.
You suddenly lose the ability to move!
Grinder gestures at you. You resist with significant effort.
Grinder hits you. x2
* * * LOW HITPOINT WARNING * * *
You writhe in agony.
* * * LOW HITPOINT WARNING * * *
You can move again.
You closely miss Grinder. Grinder hits you but does no damage.
Grinder hits you.
* * * LOW HITPOINT WARNING * * *
You writhe in agony.
You die...

#.#...#..... #.....
#.#...#....# #........
#.#...#....# .##.......
#....##..... ..........
#.<..###.#.##..........
#....+.#.#... .........
#....#.#.#.###........###
#...^...................#
#.......@#.#....##....#.#
#.......5#.# ...##....#)#
#....#.....# ..#####.#†#
#....#.....# .#####)#).
#..........# #...#)#..
#.......##.# #...#.##.
#.......##.# #...#.#.§
####.......######...#.#.#
###.#..............#.#


You could see Grinder.

Vanquished Creatures
  2 adders
  3 gnolls (D:3)
  A worm (D:3)
  4 orcs (D:3)
  9 ball pythons
  2 bats
  9 endoplasms
  3 giant cockroaches
  3 goblins
  3 hobgoblins
  3 jackals (D:1)
  A quokka (D:1)
  2 frilled lizards
  4 kobolds
  3 rats
52 creatures vanquished.

Notes
Turn   | Place    | Note
-------+----------+-------------------------------------------
     0 | D:1      | funkygono the Gargoyle Ice Elementalist began the quest for
                  | the Orb.
     0 | D:1      | Reached XP level 1. HP: 10/10 MP: 3/3
   264 | D:1      | Reached XP level 2. HP: 11/15 MP: 3/5
   623 | D:1      | Found a faded altar of an unknown god.
   887 | D:1      | Reached XP level 3. HP: 19/19 MP: 3/6
  1796 | D:2      | Learned a level 3 spell: Frozen Ramparts
  1800 | D:2      | Learned a level 3 spell: Ozocubu's Armour
  2148 | D:2      | Reached skill level 1 in Armour
  2470 | D:3      | Noticed Grinder
  2501 | D:3      | Reached XP level 4. HP: 20/24 MP: 0/8
  2601 | D:3      | Paralysed by Grinder for 6 turns
  3114 | D:3      | Paralysed by Grinder for 3 turns
  3400 | D:3      | Reached skill level 5 in Ice Magic
  3445 | D:3      | Paralysed by Grinder for 4 turns
  3449 | D:3      | HP: 1/24 [Grinder (4)]
  3449 | D:3      | Slain by Grinder

Illustrated notes

Levels and vault maps discovered:
D:1:      dpeg_arrival_rooms_with_view, layout_basic,
          chequers_ecumenical_altar_simple
D:2:      layout_basic, minmay_misc_feat_room
D:3:      layout_basic, uniq_terence, uniq_grinder

Skill      XL: |  1  2  3  4 |
---------------+-------------+-----
Armour         | 1 |  1.2
Spellcasting   | 3 |  3.2
Ice Magic      | 5 |  5.0
Dodging        | |  1.7
Stealth        | |  2.1

Action                   |  1- 3 |  4- 6 || total
-------------------------+-------+-------++-------
Melee: Unarmed           |     4 |       ||     4
       Whip              |    15 |    13 ||    28
 Cast: Freeze            |    60 |    13 ||    73
       Frozen Ramparts   |     2 |     2 ||     4
  Use: Scroll            |     5 |       ||     5
Armor: Robe              |    15 |     9 ||    24
Dodge: Dodged            |    35 |    22 ||    57

Table legend: (Time is in decaauts)
 A = Elapsed time spent in this place.
 B = Non-inter-level travel time spent in this place.
 C = Inter-level travel time spent in this place.
 D = Time resting spent in this place.
 E = Time spent auto-exploring this place.
 F = Levels seen in this place.
 G = Mean time per level.
                   A        B        C        D        E       F      G
               +--------+--------+--------+--------+--------+-----+--------+
         Total |   3451 |   3403 |     48 |    521 |   2303 |   3 | 1150.3 |
       Dungeon |   3451 |   3403 |     48 |    521 |   2303 |   3 | 1150.3 |
               +--------+--------+--------+--------+--------+-----+--------+

Top non-repeatable levels by time:
     D:2: 1530 daAuts
     D:1: 1448 daAuts
     D:3: 472 daAuts
